 Dungeon Crawl Stone Soup version 0.21-a0-396-ga924934 (webtiles) character file.

169 Klosterheim the Infuser (level 5, 0/41 HPs)
             Began as a Draconian Skald on Oct 20, 2017.
             Slain by a hippogriff (9 damage)
             ... on level 4 of the Dungeon.
             The game lasted 00:14:46 (1886 turns).

Klosterheim the Infuser (Draconian Skald)           Turns: 1886, Time: 00:14:47

Health: 0/41       AC:  5    Str: 14    XL:     5   Next: 25%
Magic:  8/8        EV: 17    Int: 14    God:
Gold:   84         SH:  0    Dex: 15    Spells: 7/8 levels left

rFire    . . .     SeeInvis .   a - +0 falchion
rCold    + . .     Gourm    +   (no shield)
rNeg     . . .     Faith    .   (armour unavailable)
rPois    .         Spirit   .   (helmet restricted)
rElec    .         Reflect  .   (no cloak)
rCorr    .         Harm     .   (no gloves)
MR       .....                  (no boots)
Stlth    ++........             h - amulet of the gourmand
HPRegen  0.13/turn              j - ring of protection from cold
MPRegen  0.11/turn              (no ring)

@: agile, drained
A: unfitting armour, cold-blooded, AC +5
a: no special abilities


You were on level 4 of the Dungeon.
You were not hungry.

You visited 1 branch of the dungeon, and saw 4 of its levels.

You collected 84 gold pieces.

Inventory:

Hand Weapons
 a - a +0 falchion (weapon)
 d - a +0 dagger
Jewellery
 e - an uncursed amulet of regeneration {unknown}
 h - an amulet of the gourmand (around neck)
 j - a ring of protection from cold (left hand)
Books
 b - a book of Battle

   Spells                             Type                      Level
   a - Infusion                       Charms                       1
   b - Shroud of Golubria             Charms/Translocation         2
   c - Song of Slaying                Charms                       2
   d - Spectral Weapon                Hexes/Charms                 3
   e - Regeneration                   Charms/Necromancy            3
Comestibles
 c - 3 bread rations
 f - 6 chunks of flesh
 g - a royal jelly


   Skills:
 - Level 2.2(1.3) Fighting
 * Level 3.7(2.8) Long Blades
 - Level 2.2(1.3) Dodging
 - Level 2.0(1.1) Spellcasting
 + Level 10.9(9.7) Charms


You had 7 spell levels left.
You knew the following spells:

 Your Spells              Type           Power        Failure   Level  Hunger
a - Infusion              Chrm           ####         1%          1    ##.....


Dungeon Overview and Level Annotations

Branches:
Dungeon (4/15)
 Temple: D:4-7

Altars:

Annotations:
D:2 Ijyb


Innate Abilities, Weirdness & Mutations

Your plain brown scales are hard. (AC +5)
You cannot fit into any form of body armour.
You are cold-blooded and may be slowed by cold attacks.


Message History

The hippogriff bites you but does no damage.
The hippogriff pecks you.
The hippogriff claws you but does no damage.
Found 13 stones.
You see here a green potion.
i - a green potion The hippogriff bites you but does no damage.
The hippogriff pecks you. The hippogriff claws you.
* * * LOW HITPOINT WARNING * * *
It was a potion of agility.
You feel agile all of a sudden. The hippogriff bites you.
* * * LOW HITPOINT WARNING * * *
The hippogriff pecks you but does no damage.
The hippogriff barely misses you.
You barely miss the hippogriff. You tail-slap the hippogriff.
The hippogriff is lightly wounded.
You are no longer magically infusing your attacks.
The hippogriff bites you!
You die...

..... ... #...#
..... ...# .....
(.# .....
#.#+#### .....##
#......#
.....#+##......#
#......H@...#
#...........#
#..........<#
#...........#
#...........#
...#+#########
#####


You could see a hippogriff.

Vanquished Creatures
  2 adders
  An ooze (D:2)
  2 dart slugs
  A leopard gecko (D:3)
  6 bats
  2 giant cockroaches (D:2)
  11 goblins
  6 hobgoblins
  6 jackals
  A quokka (D:2)
  2 frilled lizards (D:1)
  5 kobolds
  5 rats
50 creatures vanquished.

Notes
Turn   | Place    | Note
-------+----------+-------------------------------------------
     0 | D:1      | Klosterheim the Draconian Skald began the quest for the Orb.
     0 | D:1      | Reached XP level 1. HP: 17/17 MP: 3/3
   132 | D:1      | Reached XP level 2. HP: 24/24 MP: 5/5
   143 | D:1      | Reached skill level 3 in Charms
   572 | D:1      | Reached XP level 3. HP: 28/29 MP: 6/6
   972 | D:2      | Noticed Ijyb
  1089 | D:2      | Noticed an ogre
  1660 | D:1      | Reached XP level 4. HP: 36/36 MP: 7/7
  1850 | D:3      | Noticed a hippogriff
  1861 | D:3      | Reached skill level 10 in Charms
  1861 | D:3      | Reached XP level 5. HP: 38/41 MP: 8/8
  1886 | D:4      | Slain by a hippogriff

Vault maps used:
D:1:      minmay_arrival_semitransparent
D:2:      kennysheep_the_goblin_king, hangedman_abyss_or_decor_lesser_grid
D:3:      chequers_ecumenical_altar_simple_redux, kennysheep_decorative_pillar

Skill      XL: |  1  2  3  4 |
---------------+-------------+-----
Charms         | 3 10 | 10.9
Long Blades    | 3 |  3.7
Fighting       | |  2.2
Dodging        | |  2.2
Spellcasting   | |  2.0

Action                   |  1- 3 |  4- 6 || total
-------------------------+-------+-------++-------
Melee: Falchion          |   134 |    18 ||   152
       Tailslap          |     8 |     2 ||    10
 Cast: Infusion          |     1 |     1 ||     2
  Use: Scroll            |     3 |       ||     3
       Potion            |       |     2 ||     2
  Eat: Chunk             |     2 |     1 ||     3
Armor: Skin              |    58 |    10 ||    68
Dodge: Dodged            |   106 |    20 ||   126
       Rpst.: Falchion   |    29 |     1 ||    30

Table legend:
 A = Spawn XP
 B = Non-spawn XP
 C = Spawn XP percentage of total XP
 D = Spawn monster count
 E = Non-spawn monster count
 F = Spawn count percentage of total count
 G = Total turns spent on level
                    A         B        C        D         E        F      G
               +---------+---------+-------+---------+---------+-------+---------
         Total |       0 |     122 |   0.0 |       0 |      50 |   0.0 |  1886
               +---------+---------+-------+---------+---------+-------+---------
           D:1 |       0 |      56 |   0.0 |       0 |      25 |   0.0 |  1116
           D:2 |       0 |      61 |   0.0 |       0 |      23 |   0.0 |   691
           D:3 |       0 |       5 |   0.0 |       0 |       2 |   0.0 |    69
               +---------+---------+-------+---------+---------+-------+---------
